[Event "Mitropa Online Cup Women 2021"]
[Site "Hybrid"]
[Date "2021.05.04"]
[Round "2.2"]
[White "Trippold, Denise"]
[Black "Klek, Hanna Marie"]
[Result "0-1"]
[ECO "E05"]
[WhiteElo "2145"]
[BlackElo "2302"]
[Annotator "NA"]
[PlyCount "104"]
[EventDate "2021.05.04"]
[EventType "team-tourn"]
[EventCountry "NET"]
[SourceTitle "playchess.com"]
[Source "ChessBase"]
[SourceQuality "1"]
[WhiteTeam "Austria"]
[BlackTeam "Germany"]
[WhiteTeamCountry "AUT"]
[BlackTeamCountry "GER"]
[TimeControl "40/5400+30:1800+30"]

1. c4 e6 2. g3 d5 3. Bg2 Nf6 4. Nf3 Be7 5. O-O O-O 6. d4 dxc4 7. Qc2 b5 8. a4 b4 9. Nfd2 Nd5 10. Nxc4 c5 11. dxc5 Bxc5 12. Nbd2 Ba6 13. Nb3 Be7 14. Ne3 Nd7 15. Nxd5 exd5 16. Be3 Nf6 17. Nd4 Rc8 18. Nc6 Kh8 19. Bh3 Qd6 20. Rac1 Bb7 21. Bxc8 Rxc8 22. Bxa7 Rxc6 23. Qf5 Rc4 24. b3 g6 25. Qf3 Rxc1 26. Rxc1 Kg8 27. Bd4 Ne4 28. h4 f6 29. Qe3 Qd7 30. Qf3 Kg7 31. Rc2 Bd6 32. Rc1 Be5 33. Bxe5 fxe5 34. h5 d4 35. Qd3 Nc3 36. h6+ Kxh6 37. Kh2 Qd5 38. f3 Qxb3 39. Rh1 Kg7 40. Kg2 Qd5 41. Qd2 h5 42. Qg5 e4 43. Qe7+ Qf7 44. Qe5+ Kh7 45. Rf1 Nxe2 46. f4 e3+ 47. Kh2 Nc3 48. f5 Qa2+ 49. Kh3 Qg2+ 50. Kh4 Qh2+ 51. Kg5 Ne4+ 52. Kf4 Qxg3# 0-1

[Event "Mitropa Online Cup Women 2021"]
[Site "Hybrid"]
[Date "2021.05.04"]
[Round "2.3"]
[White "Muetsch, Annmarie"]
[Black "Froewis, Annika"]
[Result "1-0"]
[ECO "C25"]
[WhiteElo "2266"]
[BlackElo "2143"]
[Annotator "NA"]
[PlyCount "57"]
[EventDate "2021.05.04"]
[EventType "team-tourn"]
[EventCountry "NET"]
[SourceTitle "playchess.com"]
[Source "ChessBase"]
[SourceQuality "1"]
[WhiteTeam "Germany"]
[BlackTeam "Austria"]
[WhiteTeamCountry "GER"]
[BlackTeamCountry "AUT"]
[TimeControl "40/5400+30:1800+30"]

1. e4 e5 2. Nc3 Nc6 3. g3 a6 4. Bg2 h5 5. h3 Bc5 6. Nge2 d6 7. d3 h4 8. g4 g5 9. Nd5 f6 10. c3 Ba7 11. d4 Nce7 12. Qb3 c6 13. Ne3 Qb6 14. Qa3 Qc7 15. Nf5 Nxf5 16. gxf5 c5 17. Be3 Bd7 18. Rd1 Ne7 19. Bf3 Bb5 20. dxe5 dxe5 21. b3 O-O 22. Qc1 Bc6 23. Bxg5 Nxf5 24. Rg1 fxg5 25. exf5 Bxf3 26. Qxg5+ Kh8 27. Rd6 Rf7 28. Rh6+ Rh7 29. Qf6+ 1-0

[Event "Mitropa Online Cup Women 2021"]
[Site "Hybrid"]
[Date "2021.05.04"]
[Round "2.6"]
[White "Navrotescu, Andreea-Cristiana"]
[Black "Juhasz, Barbara"]
[Result "1-0"]
[ECO "E68"]
[WhiteElo "2247"]
[BlackElo "2211"]
[Annotator "NA"]
[PlyCount "67"]
[EventDate "2021.05.04"]
[EventType "team-tourn"]
[EventCountry "NET"]
[SourceTitle "playchess.com"]
[Source "ChessBase"]
[SourceQuality "1"]
[WhiteTeam "France"]
[BlackTeam "Hungary"]
[WhiteTeamCountry "FRA"]
[BlackTeamCountry "HUN"]
[TimeControl "40/5400+30:1800+30"]

1. d4 Nf6 2. c4 g6 3. Nc3 Bg7 4. g3 O-O 5. Bg2 d6 6. Nf3 Nbd7 7. O-O e5 8. e4 exd4 9. Nxd4 Re8 10. h3 Rb8 11. Be3 a6 12. a4 Ne5 13. b3 Nc6 14. Ra2 Nd7 15. f4 Nb4 16. Rd2 Qe7 17. Bf2 Nc5 18. Re1 Bd7 19. Nd5 Nxd5 20. cxd5 c6 21. b4 Nxa4 22. dxc6 Bxd4 23. Bxd4 Bxc6 24. Qa1 d5 25. Be5 Rbc8 26. exd5 Bb5 27. d6 Qd7 28. Rc1 Nb6 29. Rxc8 Rxc8 30. Qd4 Rc1+ 31. Kh2 Nc4 32. Bh8 f6 33. Bd5+ Kxh8 34. Qxf6+ 1-0

[Event "Mitropa Online Cup Women 2021"]
[Site "Hybrid"]
[Date "2021.05.04"]
[Round "2.7"]
[White "Gaal, Zsoka"]
[Black "Monpeurt, Cyrielle"]
[Result "1-0"]
[ECO "A11"]
[WhiteElo "2169"]
[BlackElo "2166"]
[Annotator "NA"]
[PlyCount "61"]
[EventDate "2021.05.04"]
[EventType "team-tourn"]
[EventCountry "NET"]
[SourceTitle "playchess.com"]
[Source "ChessBase"]
[SourceQuality "1"]
[WhiteTeam "Hungary"]
[BlackTeam "France"]
[WhiteTeamCountry "HUN"]
[BlackTeamCountry "FRA"]
[TimeControl "40/5400+30:1800+30"]

1. Nf3 d5 2. g3 Nf6 3. Bg2 c6 4. c4 Bg4 5. Ne5 Be6 6. cxd5 Bxd5 7. Nf3 c5 8. Nc3 Bc6 9. O-O e6 10. Qc2 Be7 11. e4 O-O 12. Rd1 b5 13. d3 Nbd7 14. Bf4 Qb6 15. a4 a6 16. d4 b4 17. a5 Qb7 18. d5 bxc3 19. dxc6 Qxc6 20. bxc3 Nh5 21. Be3 e5 22. Bh3 Nhf6 23. Rd2 Rfd8 24. Rad1 Qc7 25. Qa4 Nf8 26. Qc4 h6 27. Bf5 N8h7 28. Nxe5 Qxe5 29. Bf4 Rxd2 30. Rxd2 Nxe4 31. Bxe4 1-0

[Event "Mitropa Online Cup Women 2021"]
[Site "Hybrid"]
[Date "2021.05.04"]
[Round "2.8"]
[White "Thomas, Anysia"]
[Black "Juhasz, Judit"]
[Result "0-1"]
[ECO "E90"]
[WhiteElo "2164"]
[BlackElo "2153"]
[Annotator "NA"]
[PlyCount "76"]
[EventDate "2021.05.04"]
[EventType "team-tourn"]
[EventCountry "NET"]
[SourceTitle "playchess.com"]
[Source "ChessBase"]
[SourceQuality "1"]
[WhiteTeam "France"]
[BlackTeam "Hungary"]
[WhiteTeamCountry "FRA"]
[BlackTeamCountry "HUN"]
[TimeControl "40/5400+30:1800+30"]

1. d4 Nf6 2. c4 g6 3. Nc3 Bg7 4. e4 d6 5. Nf3 O-O 6. h3 e5 7. d5 a5 8. Be3 Na6 9. g4 Nd7 10. Nd2 f5 11. gxf5 gxf5 12. exf5 Ndc5 13. Nde4 Bxf5 14. Nxc5 Nxc5 15. Rg1 Bg6 16. Qg4 Qe7 17. h4 Kh8 18. h5 Bc2 19. Kd2 Bf5 20. Qg5 Qd7 21. Be2 Bf6 22. Qg3 Rg8 23. Qh2 Na4 24. Rxg8+ Rxg8 25. Rg1 Nxc3 26. Rxg8+ Kxg8 27. Qg3+ Kf7 28. Kxc3 Qa4 29. Kd2 Qb4+ 30. Kd1 Qxb2 31. Ke1 Qa1+ 32. Bd1 Qc3+ 33. Kf1 Qxc4+ 34. Kg1 Qxa2 35. Bf3 e4 36. Bg2 Qxd5 37. Bf1 Qd1 38. Qf4 Bh3 0-1

[Event "Mitropa Online Cup Women 2021"]
[Site "Hybrid"]
[Date "2021.05.04"]
[Round "2.9"]
[White "Movsesian, Julia"]
[Black "Brunello, Marina"]
[Result "1/2-1/2"]
[ECO "A07"]
[WhiteElo "2342"]
[BlackElo "2367"]
[Annotator "NA"]
[PlyCount "77"]
[EventDate "2021.05.04"]
[EventType "team-tourn"]
[EventCountry "NET"]
[SourceTitle "playchess.com"]
[Source "ChessBase"]
[SourceQuality "1"]
[WhiteTeam "Slovakia"]
[BlackTeam "Italy"]
[WhiteTeamCountry "SVK"]
[BlackTeamCountry "ITA"]
[TimeControl "40/5400+30:1800+30"]

1. Nf3 d5 2. g3 c6 3. Bg2 Bg4 4. d3 e6 5. O-O Bd6 6. Nbd2 Ne7 7. b3 Nd7 8. Bb2 O-O 9. e4 Qc7 10. Qe1 f6 11. d4 e5 12. c4 dxc4 13. Nxc4 Ng6 14. Rd1 exd4 15. Nxd4 Bc5 16. b4 Nb6 17. Nxb6 Bxb6 18. Rd2 Ne5 19. Qc1 Qf7 20. h3 Bc8 21. Nf5 Nc4 22. Ne7+ Qxe7 23. Qxc4+ Be6 24. Qc1 Rfd8 25. Bc3 Rxd2 26. Qxd2 Rd8 27. Qb2 Rd3 28. Kh2 Qd7 29. Rc1 Bd4 30. Bf1 Bxc3 31. Rxc3 Rxc3 32. Qxc3 Bxa2 33. Qa3 Bf7 34. Qxa7 Be6 35. Qb8+ Qc8 36. Qd6 Qd7 37. Qb8+ Qc8 38. Qd6 Qd7 39. Qb8+ 1/2-1/2

[Event "Mitropa Online Cup Women 2021"]
[Site "Hybrid"]
[Date "2021.05.04"]
[Round "2.10"]
[White "Zimina, Olga"]
[Black "Sankova, Stella"]
[Result "1-0"]
[ECO "E04"]
[WhiteElo "2354"]
[BlackElo "2087"]
[Annotator "NA"]
[PlyCount "73"]
[EventDate "2021.05.04"]
[EventType "team-tourn"]
[EventCountry "NET"]
[SourceTitle "playchess.com"]
[Source "ChessBase"]
[SourceQuality "1"]
[WhiteTeam "Italy"]
[BlackTeam "Slovakia"]
[WhiteTeamCountry "ITA"]
[BlackTeamCountry "SVK"]
[TimeControl "40/5400+30:1800+30"]

1. d4 Nf6 2. c4 e6 3. g3 d5 4. Bg2 Bb4+ 5. Nd2 O-O 6. Ngf3 dxc4 7. O-O c5 8. Nxc4 cxd4 9. Nxd4 Qc7 10. Qb3 Nd5 11. e4 Nb6 12. Qxb4 Na6 13. Nb5 Qxc4 14. Qxc4 Nxc4 15. Rd1 e5 16. b3 Na5 17. Ba3 Re8 18. Nd6 Rd8 19. Nxc8 Raxc8 20. Bh3 Ra8 21. f4 Nc6 22. Bd6 Nd4 23. fxe5 Nf3+ 24. Kf2 Ng5 25. Bg2 Rac8 26. Rac1 Rxc1 27. Rxc1 f6 28. Ke3 Kf7 29. Bf1 fxe5 30. Bxe5 Re8 31. Bxa6 bxa6 32. Rc7+ Kg6 33. Rxg7+ Kh6 34. Bb2 Nxe4 35. Rxa7 Re6 36. Kf4 Nc5 37. Kf5 1-0

[Event "Mitropa Online Cup Women 2021"]
[Site "Hybrid"]
[Date "2021.05.04"]
[Round "2.11"]
[White "Ferkova, Dominika"]
[Black "Raccanello, Marianna"]
[Result "0-1"]
[ECO "E84"]
[WhiteElo "2006"]
[BlackElo "2140"]
[Annotator "NA"]
[PlyCount "76"]
[EventDate "2021.05.04"]
[EventType "team-tourn"]
[EventCountry "NET"]
[SourceTitle "playchess.com"]
[Source "ChessBase"]
[SourceQuality "1"]
[WhiteTeam "Slovakia"]
[BlackTeam "Italy"]
[WhiteTeamCountry "SVK"]
[BlackTeamCountry "ITA"]
[TimeControl "40/5400+30:1800+30"]

1. d4 Nf6 2. c4 g6 3. Nc3 Bg7 4. e4 d6 5. f3 O-O 6. Be3 Nc6 7. Nge2 a6 8. Qd2 Rb8 9. a4 Bd7 10. Rb1 e5 11. d5 Nb4 12. c5 Qe7 13. cxd6 Qxd6 14. Nc1 c5 15. a5 Rfc8 16. Bc4 Ne8 17. O-O b5 18. axb6 Qxb6 19. f4 Nd6 20. Be2 f5 21. fxe5 Bxe5 22. Nd3 Nc4 23. Qc1 Nxd3 24. Bxd3 Nxe3 25. Rf3 Ng4 26. Bc4 Bd4+ 27. Kh1 Nf2+ 28. Rxf2 Bxf2 29. d6+ Kg7 30. Qf4 Bd4 31. Nd5 Qb7 32. exf5 Bxf5 33. Re1 Re8 34. Ne7 Qd7 35. g4 Bxg4 36. Qf7+ Kh8 37. Rf1 Qxd6 38. Nd5 Rf8 0-1

[Event "Mitropa Online Cup Women 2021"]
[Site "Hybrid"]
[Date "2021.05.04"]
[Round "2.12"]
[White "Grimaldi, Angela Flavia"]
[Black "Taragelova, Martina"]
[Result "1/2-1/2"]
[ECO "C54"]
[WhiteElo "2060"]
[BlackElo "2010"]
[Annotator "NA"]
[PlyCount "64"]
[EventDate "2021.05.04"]
[EventType "team-tourn"]
[EventCountry "NET"]
[SourceTitle "playchess.com"]
[Source "ChessBase"]
[SourceQuality "1"]
[WhiteTeam "Italy"]
[BlackTeam "Slovakia"]
[WhiteTeamCountry "ITA"]
[BlackTeamCountry "SVK"]
[TimeControl "40/5400+30:1800+30"]

1. e4 e5 2. Nf3 Nc6 3. Bc4 Bc5 4. c3 Nf6 5. d3 d6 6. O-O O-O 7. Nbd2 h6 8. h3 a6 9. Bb3 Re8 10. Re1 Be6 11. Nf1 d5 12. exd5 Bxd5 13. Be3 Bxe3 14. Rxe3 Qd6 15. Ng3 g6 16. Ne4 Bxe4 17. dxe4 Rad8 18. Re1 Re7 19. Qc1 Kg7 20. Qe3 Qd3 21. Rad1 Qxe3 22. Rxe3 Rxd1+ 23. Bxd1 Rd7 24. Bc2 Kf8 25. Rd3 Ke7 26. Kf1 Rxd3 27. Bxd3 Nd7 28. Nd2 Nc5 29. Bc2 Ne6 30. g3 Nb8 31. Nc4 Nd7 32. Ke2 f6 1/2-1/2

[Event "Mitropa Online Cup Women 2021"]
[Site "Hybrid"]
[Date "2021.05.04"]
[Round "2.15"]
[White "Worek, Joanna"]
[Black "Hrescak, Ivana"]
[Result "1-0"]
[ECO "B53"]
[WhiteElo "2322"]
[BlackElo "2201"]
[Annotator "NA"]
[PlyCount "79"]
[EventDate "2021.05.04"]
[EventType "team-tourn"]
[EventCountry "NET"]
[SourceTitle "playchess.com"]
[Source "ChessBase"]
[SourceQuality "1"]
[WhiteTeam "Czech Republic"]
[BlackTeam "Slovenia"]
[WhiteTeamCountry "CZE"]
[BlackTeamCountry "SLO"]
[TimeControl "40/5400+30:1800+30"]

1. e4 c5 2. Nf3 d6 3. d4 cxd4 4. Qxd4 a6 5. Be2 Nc6 6. Qe3 g6 7. O-O Bg7 8. c4 Nf6 9. h3 O-O 10. Rd1 Qa5 11. Nc3 Be6 12. Nd5 Bxd5 13. cxd5 Nb8 14. Bd2 Qd8 15. Bc3 Nbd7 16. Bd4 Rc8 17. b4 Qc7 18. Nd2 Qb8 19. a4 Ne8 20. Nb3 Bxd4 21. Nxd4 Nef6 22. a5 Rc7 23. Ra3 Ne5 24. Rb3 Rfc8 25. f4 Ned7 26. Kh2 Qa7 27. Bf3 Qb8 28. e5 dxe5 29. fxe5 Rc4 30. d6 Ne8 31. Bd5 Ng7 32. Bxc4 Rxc4 33. dxe7 Nxe5 34. Kh1 Rc8 35. Re1 Nc4 36. Qg5 Re8 37. Qd5 Nd6 38. Rc3 Ndf5 39. Nxf5 Nxf5 40. Qd7 1-0

[Event "Mitropa Online Cup Women 2021"]
[Site "Hybrid"]
[Date "2021.05.04"]
[Round "2.16"]
[White "Rozman, Monika"]
[Black "Richterova, Natasa"]
[Result "1/2-1/2"]
[ECO "C42"]
[WhiteElo "2175"]
[BlackElo "2188"]
[Annotator "RC"]
[PlyCount "165"]
[EventDate "2021.05.04"]
[EventType "team-tourn"]
[EventCountry "NET"]
[SourceTitle "playchess.com"]
[Source "ChessBase"]
[SourceQuality "1"]
[WhiteTeam "Slovenia"]
[BlackTeam "Czech Republic"]
[WhiteTeamCountry "SLO"]
[BlackTeamCountry "CZE"]
[TimeControl "40/5400+30:1800+30"]

1. e4 e5 2. Nf3 Nf6 3. Nxe5 d6 4. Nf3 Nxe4 5. Nc3 Nf6 6. d4 Be7 7. h3 O-O 8. Bd3 Nc6 9. a3 Re8 10. O-O h6 11. Bf4 Be6 12. Qd2 Bf8 13. Rfe1 Qd7 14. Rad1 Ne7 15. Ne4 Nxe4 16. Bxe4 c6 17. Bh2 Bf5 18. Bxf5 Nxf5 19. c4 h5 20. b4 b5 21. c5 Rxe1+ 22. Qxe1 Re8 23. Qf1 a5 24. Qd3 axb4 25. axb4 g6 26. Qb3 d5 27. Ne5 Qe6 28. g4 hxg4 29. hxg4 Nh6 30. Qf3 Bg7 31. Bf4 Bxe5 32. Bxh6 Bg7 33. Bxg7 Kxg7 34. Kg2 Qe2 35. Ra1 Re4 36. Qxe2 Rxe2 37. Ra6 Re4 38. Rxc6 Rxd4 39. Rd6 Rxg4+ 40. Kf3 Rxb4 41. Rxd5 Rc4 42. c6 Rxc6 43. Rxb5 Rc3+ 44. Kg2 Kh6 45. Ra5 Rc4 46. Rb5 f5 47. Ra5 Kh5 48. Ra3 Rg4+ 49. Kh2 Kh4 50. Rb3 Kg5 51. Ra3 Kf4 52. Rb3 Rg5 53. Ra3 Ke4 54. Re3+ Kd4 55. Rf3 Ke4 56. Re3+ Kd4 57. Rf3 Rg4 58. Kh3 Rg1 59. Kh2 Rg4 60. Kh3 Ke5 61. Ra3 Rg5 62. Re3+ Kf6 63. Rf3 Ke6 64. Re3+ Kd5 65. Rd3+ Kc4 66. Ra3 Kd4 67. Rf3 Rg1 68. Kh2 Rc1 69. Ra3 g5 70. Kg2 Rc4 71. Re3 Kd5 72. Re8 Kd4 73. Re7 g4 74. Re8 f4 75. Rg8 Kd3 76. Rxg4 Ke2 77. Rg8 f3+ 78. Kg3 Rc7 79. Re8+ Kf1 80. Rf8 Ke2 81. Re8+ Kf1 82. Rf8 Ke2 83. Re8+ 1/2-1/2

[Event "Mitropa Online Cup Women 2021"]
[Site "Hybrid"]
[Date "2021.05.04"]
[Round "2.17"]
[White "Hakimifard, Ghazal"]
[Black "Cvitan, Ena"]
[Result "0-1"]
[ECO "B17"]
[WhiteElo "2265"]
[BlackElo "2263"]
[Annotator "NA"]
[PlyCount "98"]
[EventDate "2021.05.04"]
[EventType "team-tourn"]
[EventCountry "NET"]
[SourceTitle "playchess.com"]
[Source "ChessBase"]
[SourceQuality "1"]
[WhiteTeam "Switzerland"]
[BlackTeam "Croatia"]
[WhiteTeamCountry "SUI"]
[BlackTeamCountry "CRO"]
[TimeControl "40/5400+30:1800+30"]

1. e4 c6 2. d4 d5 3. Nd2 dxe4 4. Nxe4 Nd7 5. Bc4 Ngf6 6. Ng5 e6 7. Qe2 Nb6 8. Bd3 h6 9. N5f3 Nbd7 10. Ne5 Nxe5 11. dxe5 Nd7 12. Bf4 Nc5 13. O-O-O Bd7 14. Nf3 Qc7 15. Nd2 Nxd3+ 16. Qxd3 O-O-O 17. Nc4 Kb8 18. h4 Be7 19. Qc3 Rhg8 20. h5 f5 21. Rh3 c5 22. Nd6 Bc6 23. Qxc5 Bxg2 24. Qxc7+ Kxc7 25. Rg3 Bc6 26. Rdg1 g5 27. hxg6 Bh4 28. Rh3 Bxf2 29. Rf1 Bc5 30. Rxh6 Rg7 31. c3 a5 32. Nf7 Rdg8 33. Bg5 Rxg6 34. Rxg6 Rxg6 35. Bd8+ Kd7 36. Bxa5 Rg1 37. Rd1+ Rxd1+ 38. Kxd1 f4 39. b4 Be3 40. Ke2 b6 41. Bxb6 Bxb6 42. Ng5 Bc7 43. c4 Bxe5 44. b5 Bg2 45. a4 Bd4 46. a5 Bc3 47. Kf2 Bh1 48. a6 Bd4+ 49. Ke2 Bg2 0-1

[Event "Mitropa Online Cup Women 2021"]
[Site "Hybrid"]
[Date "2021.05.04"]
[Round "2.18"]
[White "Medic, Mirjana"]
[Black "Mueller-Seps, Monika"]
[Result "1/2-1/2"]
[ECO "E62"]
[WhiteElo "2147"]
[BlackElo "2243"]
[Annotator "NA"]
[PlyCount "69"]
[EventDate "2021.05.04"]
[EventType "team-tourn"]
[EventCountry "NET"]
[SourceTitle "playchess.com"]
[Source "ChessBase"]
[SourceQuality "1"]
[WhiteTeam "Croatia"]
[BlackTeam "Switzerland"]
[WhiteTeamCountry "CRO"]
[BlackTeamCountry "SUI"]
[TimeControl "40/5400+30:1800+30"]

1. d4 Nf6 2. Nf3 g6 3. c4 Bg7 4. g3 O-O 5. Bg2 d6 6. O-O c6 7. Nc3 Qb6 8. b3 e5 9. dxe5 dxe5 10. e4 Bg4 11. Be3 Qc7 12. Qc2 Bxf3 13. Bxf3 Nbd7 14. Rad1 Rfd8 15. Bg2 h5 16. Bh3 Nf8 17. Rxd8 Rxd8 18. Rd1 Ng4 19. Rxd8 Qxd8 20. Bxa7 Ne6 21. Bxg4 hxg4 22. Be3 Nd4 23. Qc1 Kh7 24. Kg2 Qd7 25. Qd2 Qe6 26. Na4 Qf6 27. Qd1 Nf3 28. Nc5 g5 29. Qd7 Qh6 30. h4 gxh3+ 31. Qxh3 Ne1+ 32. Kh2 Nf3+ 33. Kg2 Ne1+ 34. Kh2 Nf3+ 35. Kg2 1/2-1/2

[Event "Mitropa Online Cup Women 2021"]
[Site "Hybrid"]
[Date "2021.05.04"]
[Round "2.19"]
[White "Heinatz, Gundula"]
[Black "Vujnovic, Patricija"]
[Result "0-1"]
[ECO "D00"]
[WhiteElo "2131"]
[BlackElo "2129"]
[Annotator "NA"]
[PlyCount "103"]
[EventDate "2021.05.04"]
[EventType "team-tourn"]
[EventCountry "NET"]
[SourceTitle "playchess.com"]
[Source "ChessBase"]
[SourceQuality "1"]
[WhiteTeam "Switzerland"]
[BlackTeam "Croatia"]
[WhiteTeamCountry "SUI"]
[BlackTeamCountry "CRO"]
[TimeControl "40/5400+30:1800+30"]

1. d4 d5 2. Bf4 e6 3. e3 Bd6 4. Bxd6 Qxd6 5. Qg4 Kf8 6. Nd2 Nf6 7. Qh4 Nc6 8. Ngf3 e5 9. dxe5 Nxe5 10. Nxe5 Qxe5 11. O-O-O c6 12. Bd3 a5 13. e4 Be6 14. Rhe1 d4 15. Nf3 Qc5 16. e5 Nd5 17. Nxd4 a4 18. Nxe6+ fxe6 19. a3 b5 20. Be4 Ke8 21. Bxd5 cxd5 22. Re3 Qe7 23. Qg4 Rf8 24. f3 Kf7 25. Qb4 Qxb4 26. axb4 Rfc8 27. Rd4 Ra7 28. Kd2 Rac7 29. c3 Ra8 30. Rdd3 a3 31. bxa3 Rxa3 32. Re2 Rb3 33. h4 h5 34. g3 Rc6 35. Rf2 Kg6 36. g4 Rc4 37. gxh5+ Kxh5 38. f4 Rb2+ 39. Ke1 Rxf2 40. Kxf2 Rxf4+ 41. Kg2 Kxh4 42. Rh3+ Kg5 43. Rh8 Kf5 44. Rb8 Rc4 45. Rxb5 Rxc3 46. Rb7 g5 47. b5 Rb3 48. b6 Kxe5 49. Kf2 Ke4 50. Rg7 Rb2+ 51. Ke1 Rxb6 52. Rg6 0-1

[Event "Mitropa Online Cup Women 2021"]
[Site "Hybrid"]
[Date "2021.05.04"]
[Round "2.20"]
[White "Spiranec, Noemi"]
[Black "Hund, Sarah"]
[Result "1/2-1/2"]
[ECO "D34"]
[WhiteElo "2098"]
[BlackElo "2049"]
[Annotator "NA"]
[PlyCount "77"]
[EventDate "2021.05.04"]
[EventType "team-tourn"]
[EventCountry "NET"]
[SourceTitle "playchess.com"]
[Source "ChessBase"]
[SourceQuality "1"]
[WhiteTeam "Croatia"]
[BlackTeam "Switzerland"]
[WhiteTeamCountry "CRO"]
[BlackTeamCountry "SUI"]
[TimeControl "40/5400+30:1800+30"]

1. d4 d5 2. c4 e6 3. Nc3 c5 4. Nf3 Nc6 5. cxd5 exd5 6. g3 Nf6 7. Bg2 Be7 8. O-O O-O 9. dxc5 Bxc5 10. Bg5 d4 11. Bxf6 Qxf6 12. Ne4 Qe7 13. Nxc5 Qxc5 14. Rc1 Qb6 15. Qd2 Be6 16. b3 Rfd8 17. Rfd1 a5 18. Ng5 Bf5 19. Qf4 Bg6 20. Be4 f6 21. Ne6 Rd7 22. Bxc6 bxc6 23. Rxd4 Re7 24. Rd6 Rae8 25. Rcxc6 Qb5 26. Nd4 Qh5 27. Re6 Rxe6 28. Rxe6 Rxe6 29. Nxe6 Qxe2 30. Qe3 Qxa2 31. Nc5 Qb1+ 32. Kg2 Qf5 33. Qe6+ Qxe6 34. Nxe6 Kf7 35. Nd4 Be4+ 36. Kf1 Ke7 37. Ke2 Kd6 38. Kd2 Bd5 39. Kd3 1/2-1/2

[Event "Mitropa Online Cup Women 2021"]
[Site "Hybrid"]
[Date "2021.05.04"]
[Round "3.3"]
[White "Petrova, Kristyna"]
[Black "Zimina, Olga"]
[Result "0-1"]
[ECO "E20"]
[WhiteElo "2303"]
[BlackElo "2354"]
[Annotator "RC"]
[PlyCount "142"]
[EventDate "2021.05.04"]
[EventType "team-tourn"]
[EventCountry "NET"]
[SourceTitle "playchess.com"]
[Source "ChessBase"]
[SourceQuality "1"]
[WhiteTeam "Czech Republic"]
[BlackTeam "Italy"]
[WhiteTeamCountry "CZE"]
[BlackTeamCountry "ITA"]
[TimeControl "40/5400+30:1800+30"]

1. d4 Nf6 2. c4 e6 3. Nc3 Bb4 4. f3 c5 5. a3 Ba5 6. dxc5 Bxc3+ 7. bxc3 Qa5 8. Qb3 Na6 9. Be3 O-O 10. Nh3 d6 11. cxd6 Bd7 12. a4 Rfc8 13. Ra3 b6 14. Nf2 Ne8 15. Ne4 f5 16. Nd2 Nxd6 17. g3 Be8 18. f4 Bc6 19. Rg1 Ne4 20. Nxe4 Bxe4 21. Bg2 Bxg2 22. Rxg2 Rc6 23. Qb5 Rac8 24. Qxa5 bxa5 25. Bxa7 Rxc4 26. Bb6 Rxc3 27. Rxc3 Rxc3 28. Bxa5 Ra3 29. g4 Rxa4 30. Bc3 g6 31. gxf5 exf5 32. Be5 Nc5 33. Rg3 Kf7 34. Kf1 Nd7 35. Bd6 Ke6 36. Rd3 Nf6 37. Bb8 Rb4 38. Bd6 Ra4 39. Bb8 Nd5 40. Rh3 Rb4 41. Be5 Nxf4 42. Bxf4 Rxf4+ 43. Kg2 Rg4+ 44. Kf2 h5 45. Ra3 Kf6 46. Ra6+ Kg5 47. h3 Rb4 48. Kg2 h4 49. Ra3 Kf4 50. Kf2 g5 51. Rf3+ Ke5 52. Re3+ Re4 53. Ra3 Rf4+ 54. Kg2 Rc4 55. Kf2 g4 56. hxg4 fxg4 57. Ra8 Rf4+ 58. Kg1 Re4 59. Rh8 g3 60. e3 Ra4 61. Rh5+ Kf6 62. Rh8 Kf5 63. Rg8 Ra1+ 64. Kg2 Ra2+ 65. Kg1 Re2 66. Rg7 Rxe3 67. Kg2 Re2+ 68. Kg1 Kf4 69. Rf7+ Kg4 70. Ra7 Re1+ 71. Kg2 h3# 0-1

[Event "Mitropa Online Cup Women 2021"]
[Site "Hybrid"]
[Date "2021.05.04"]
[Round "3.3"]
[White "Richterova, Natasa"]
[Black "Gueci, Tea"]
[Result "1-0"]
[ECO "D36"]
[WhiteElo "2188"]
[BlackElo "2204"]
[Annotator "RC"]
[PlyCount "111"]
[EventDate "2021.05.04"]
[EventType "team-tourn"]
[EventCountry "NET"]
[SourceTitle "playchess.com"]
[Source "ChessBase"]
[SourceQuality "1"]
[WhiteTeam "Czech Republic"]
[BlackTeam "Italy"]
[WhiteTeamCountry "CZE"]
[BlackTeamCountry "ITA"]
[TimeControl "40/5400+30:1800+30"]

1. d4 d5 2. c4 e6 3. Nc3 Nf6 4. cxd5 exd5 5. Bg5 Be7 6. e3 c6 7. Bd3 Nbd7 8. Nf3 O-O 9. O-O Re8 10. Qc2 g6 11. Rab1 a5 12. a3 Nb6 13. Ne5 Nfd7 14. Bxe7 Qxe7 15. Nf3 Nf6 16. Qb3 Nbd7 17. Rbc1 b5 18. Ne2 Qd6 19. Qc2 Bb7 20. Nf4 Rac8 21. Qb1 Nb6 22. h4 Ne4 23. Rfe1 Nc4 24. Qc2 c5 25. dxc5 Rxc5 26. Qe2 Rec8 27. Red1 Qf6 28. Nd4 Qxh4 29. b4 axb4 30. axb4 R5c7 31. Nxb5 Re7 32. Nd4 Ned6 33. Nf3 Qf6 34. Qf1 Rec7 35. Be2 Nb6 36. Rxc7 Rxc7 37. Ba6 Ba8 38. Be2 Qb2 39. Rb1 Qf6 40. Nd4 Ne4 41. Ra1 Qd8 42. Bf3 Rc4 43. b5 Bb7 44. Nd3 Qc7 45. Qd1 h5 46. Nf4 h4 47. Bxe4 dxe4 48. Qg4 Nd5 49. Nxd5 Bxd5 50. Qxh4 Rb4 51. Qg5 Bb7 52. g3 Qc3 53. Qd8+ Kg7 54. Rf1 Rb2 55. Qe7 Bd5 56. Qe5+ 1-0

[Event "Mitropa Online Cup Women 2021"]
[Site "Hybrid"]
[Date "2021.05.04"]
[Round "3.5"]
[White "Terbe, Zsuzsanna"]
[Black "Hapala, Elisabeth"]
[Result "1-0"]
[ECO "E20"]
[WhiteElo "2186"]
[BlackElo "2120"]
[Annotator "RC"]
[PlyCount "87"]
[EventDate "2021.05.04"]
[EventType "team-tourn"]
[EventCountry "NET"]
[SourceTitle "playchess.com"]
[Source "ChessBase"]
[SourceQuality "1"]
[WhiteTeam "Hungary"]
[BlackTeam "Austria"]
[WhiteTeamCountry "HUN"]
[BlackTeamCountry "AUT"]
[TimeControl "40/5400+30:1800+30"]

1. d4 Nf6 2. c4 e6 3. Nc3 Bb4 4. Bd2 c5 5. a3 Bxc3 6. Bxc3 Ne4 7. Qd3 Nxc3 8. Qxc3 Qf6 9. e3 b6 10. Be2 Bb7 11. Nf3 O-O 12. O-O Nc6 13. Rfd1 Rfd8 14. b4 d6 15. Rab1 Rac8 16. Qb3 cxd4 17. exd4 Ne7 18. Rbc1 Ng6 19. Ne1 Nf4 20. Bf3 Rc7 21. g3 Nh3+ 22. Kg2 Bxf3+ 23. Qxf3 Qh6 24. Qg4 Nxf2 25. Kxf2 Qxh2+ 26. Ng2 Qh6 27. Kg1 Rdc8 28. Qf3 Qg5 29. Rc2 h6 30. Ne3 h5 31. Kg2 a5 32. Qf4 Qe7 33. Rh1 g6 34. g4 g5 35. Qf3 h4 36. Re1 Qd8 37. Rf1 Kg7 38. d5 axb4 39. axb4 b5 40. dxe6 fxe6 41. Qe4 Qd7 42. Qd4+ e5 43. Qxd6 h3+ 44. Kh2 1-0